[Event "*** Titled Tuesday Blitz"]
[Site "Chess.com"]
[Date "2020.04.07"]
[Round "3"]
[White "zacachess"]
[Black "Stouuf"]
[Result "1-0"]
[WhiteElo "2291"]
[BlackElo "2505"]
[TimeControl "180+1"]
[EndTime "13:29:27 PDT"]
[Termination "zacachess won on time"]

1. e4 d6 2. d4 Nf6 3. Nc3 e5 4. Nf3 Nbd7 5. Bc4 exd4 6. Nxd4 Nb6 7. Bb3 c5 8. Nf3 c4 9. e5 dxe5 10. Ba4+ Nxa4 11. Qxd8+ Kxd8 12. Nxa4 Bd6 13. Bg5 Bg4 14. O-O-O Kc7 15. Nc3 Bxf3 16. gxf3 Kc6 17. Bxf6 gxf6 18. Ne4 Be7 19. Rhg1 Rhg8 20. c3 Rg6 21. Ng3 Rag8 22. Rd2 Rh6 23. Rgd1 Rxh2 24. Nf5 Bc5 25. Rd7 Rg5 26.
Ne3 Rxf2 27. Nxc4 Rgg2 28. a4 Bd4 29. Rxf7 Kc5 30. Rc7+ Kd5 31. cxd4 Rc2+ 32. Kb1 Ke6 33.
d5+ Kf5 34. Ne3+ 1-0

[Event "*** Titled Tuesday Blitz"]
[Site "Chess.com"]
[Date "2020.04.07"]
[Round "3"]
[White "BaMBoMaTTo"]
[Black "Fianchettoed-Tower"]
[Result "1-0"]
[WhiteElo "2749"]
[BlackElo "2373"]
[TimeControl "180+1"]
[EndTime "13:29:29 PDT"]
[Termination "BaMBoMaTTo won by resignation"]

1. d4 d5 2. c4 c6 3. Nf3 Nf6 4. Nc3 dxc4 5. a4 Bf5 6. Ne5 Nbd7 7. Nxc4 Nb6 8. Ne5 a5 9. f3 Nfd7 10. Nxd7 Nxd7 11. e4 Bg6 12. Be3 e6 13. Be2 Bb4 14. O-O O-O 15. Qb3 Qe7 16. Rac1 f6 17. Rfd1 Bf7 18.
Na2 Bd6 19. Rd2 Rab8 20. Qc3 Ra8 21. Qb3 Rab8 22. Bc4 Rfc8 23. Rdc2 Bc7 24. Qd3 Rd8 25. Qe2 Bb6 26. Rd1 e5 27. d5 Nc5 28. d6 Rxd6 29. Bxf7+ Qxf7 30. Rxd6 Qxa2 31. Bxc5 Qb1+ 32. Rd1 Bxc5+ 33.
Rxc5 Qa2 34. Qc4+ Qxc4 35. Rxc4 1-0

[Event "*** Titled Tuesday Blitz"]
[Site "Chess.com"]
[Date "2020.04.07"]
[Round "3"]
[White "dragos420"]
[Black "VerdeNotte"]
[Result "0-1"]
[WhiteElo "2516"]
[BlackElo "2740"]
[TimeControl "180+1"]
[EndTime "13:29:29 PDT"]
[Termination "VerdeNotte won by resignation"]

1. e4 e5 2. Nf3 Nc6 3. Bc4 Nf6 4. d3 h6 5. c3 d6 6. b4 g5 7. h3 Bg7 8. a4 a5 9. b5 Ne7 10. Nbd2 Ng6 11. Qb3 O-O 12. Nf1 c6 13. Qc2 d5 14.
Ba2 Nf4 15. Bxf4 exf4 16. e5 Re8 17. O-O-O Nd7 18. d4 Nb6 19. Bb1 Qe7 20. Qb3 c5 21. Bc2 Be6 22. h4 g4 23. Ne1 Rac8 24. Kb1 h5 25.
Nd2 Rc7 26. Qa3 Rec8 27. Nd3 cxd4 28. Qxe7 Rxe7 29. cxd4 Bf5 30. Rc1 Rxc2 31. Kxc2 Bf8 32. Nb3 Rc7+ 33. Kd2 Nc4+ 34. Ke2 f3+ 35. gxf3 gxf3+ 36. Kxf3 Bxd3 37. Nc5 Bxc5 38. dxc5 Be4+ 39. Kf4 Bxh1 40.
Rxh1 Rxc5 41. Rg1+ Kf8 42. Rg5 d4 43. Rxh5 d3 44. Rh8+ Ke7 45. Kf3 d2 46. Ke2 Rxe5+ 0-1

[Event "*** Titled Tuesday Blitz"]
[Site "Chess.com"]
[Date "2020.04.07"]
[Round "3"]
[White "swisspower96"]
[Black "diskeleven"]
[Result "1-0"]
[WhiteElo "2675"]
[BlackElo "2348"]
[TimeControl "180+1"]
[EndTime "13:29:29 PDT"]
[Termination "swisspower96 won by resignation"]

1. d4 f5 2. c4 e6 3. Nf3 Nf6 4. g3 d5 5. Bg2 c6 6. O-O Bd6 7.
b3 Qe7 8. Bb2 b6 9. Qc1 Bb7 10. a4 a5 11. Ba3 Bxa3 12. Nxa3 Na6 13. Ne5 Rc8 14. Qe3 O-O 15. Rfc1 Nd7 16. Nd3 Rfe8 17.
Nf4 Nb4 18. Nc2 Nxc2 19. Rxc2 Qf6 20. Rac1 g6 21. Qd2 Kg7 22. e3 Red8 23. h4 Kh8 24. b4 axb4 25. Qxb4 dxc4 26. Qxc4 e5 27. dxe5 Qxe5 28. Qb3 Nc5 29. Qxb6 1-0

[Event "*** Titled Tuesday Blitz"]
[Site "Chess.com"]
[Date "2020.04.07"]
[Round "3"]
[White "DonPreuss"]
[Black "florianschwabeneder"]
[Result "0-1"]
[WhiteElo "2164"]
[BlackElo "2513"]
[TimeControl "180+1"]
[EndTime "13:29:29 PDT"]
[Termination "florianschwabeneder won by resignation"]

1. d4 Nf6 2. Nc3 c5 3. d5 d6 4. e4 g6 5. f4 Bg7 6. Nf3 O-O 7. Be2 b5 8. Qd3 b4 9. Nd1 e6 10. c4 exd5 11. exd5 Bf5 12. Qe3 Re8 13. Qg1 Ng4 14. h3 Qe7 15. Qf1 Bd3 16. Ng1 Nf6 17. Ne3 Bxe2 18. Qxe2 Ne4 19. Qf3 Qh4+ 20. g3 Nxg3 21. Kf2 Nxh1+ 22. Kg2 Nd7 23. Kxh1 Nf6 24. Kg2 Ne4 25. Ne2 f5 26. Rb1 Re7 27. b3 Rae8 28. Qf1 Nc3 29. Nxc3 Bxc3 30. Qf3 Bd4 31. Nf1 Re2+ 32.
Kh1 Re1 33. Qg2 R8e2 34. Qg1 Qxh3+ 0-1

[Event "*** Titled Tuesday Blitz"]
[Site "Chess.com"]
[Date "2020.04.07"]
[Round "3"]
[White "Vojtastr"]
[Black "Sesleria"]
[Result "1-0"]
[WhiteElo "2504"]
[BlackElo "1972"]
[TimeControl "180+1"]
[EndTime "13:29:29 PDT"]
[Termination "Vojtastr won by resignation"]

1. c4 c5 2. Nc3 Nc6 3. Nf3 Nf6 4. d4 cxd4 5. Nxd4 e6 6. a3 Qb6 7. Nb3 Be7 8. Be3 Qc7 9. g3 a6 10. Bg2 d6 11. O-O O-O 12. Rc1 Ne5 13. Nd2 Bd7 14. Bd4 Nc6 15. Nd5 Qd8 16. Nxe7+ Qxe7 17. Bc3 d5 18. e3 Rfd8 19. Qe2 d4 20. exd4 Qd6 21.
Nf3 Rac8 22. Ne5 Nxd4 23. Bxd4 Qxd4 24. Bxb7 Rb8 25. Rfd1 Qb6 26. Bf3 Qxb2 27. Qxb2 Rxb2 28. Bc6 Bxc6 29. Rxd8+ Be8 30. Nd7 Nxd7 31. Rxe8+ Nf8 32. Rd1 g6 33. Rdd8 Kg7 34. Rxf8 1-0

[Event "*** Titled Tuesday Blitz"]
[Site "Chess.com"]
[Date "2020.04.07"]
[Round "3"]
[White "MalyDominator"]
[Black "JoakimVonAnd"]
[Result "0-1"]
[WhiteElo "2272"]
[BlackElo "2499"]
[TimeControl "180+1"]
[EndTime "13:29:29 PDT"]
[Termination "JoakimVonAnd won on time"]

1. e4 c6 2. d4 d5 3. exd5 cxd5 4. Bd3 Nf6 5. c3 Nc6 6. h3 g6 7. Nf3 Bf5 8. Be2 Bg7 9. O-O h5 10. Bf4 O-O 11. Nbd2 Nd7 12. Re1 e5 13. dxe5 Ndxe5 14. Nxe5 Nxe5 15. Nf3 Nc4 16. Qb3 Qb6 17. Qxb6 Nxb6 18. Rad1 Na4 19. Rd2 Rfd8 20. Bb5 Nxb2 21. Rxb2 Bxc3 22. Rbe2 Bxe1 23. Rxe1 a6 24. Ba4 Rac8 25.
Re2 d4 26. Bb3 d3 27. Rd2 Rc1+ 28. Kh2 Rdc8 29. Ne5 R1c2 30. Nxf7 Rxd2 31. Bxd2 Kg7 32. Nd6 Rc7 33. Nxf5+ gxf5 34. Kg3 Re7 35. Kf3 Kg6 36. Be3 b5 37. g3 a5 38. Bc5 Re2 39. a4 Rb2 40. Bd1 b4 41. Ke3 d2 42. Ke2 Ra2 43. Be3 b3 0-1

[Event "*** Titled Tuesday Blitz"]
[Site "Chess.com"]
[Date "2020.04.07"]
[Round "3"]
[White "Sebastian"]
[Black "Incognito_Knight"]
[Result "1-0"]
[WhiteElo "3018"]
[BlackElo "2710"]
[TimeControl "180+1"]
[EndTime "13:29:30 PDT"]
[Termination "Sebastian won on time"]

1. d4 d5 2. Nf3 Nf6 3. e3 e6 4. Bd3 Be7 5. O-O O-O 6. b3 b6 7. c4 Bb7 8. cxd5 exd5 9. Bb2 Nbd7 10. Nc3 Ne4 11. Rc1 f5 12. Ne2 c6 13. Nf4 Rf6 14. Ne5 g5 15. Ne2 Rc8 16. f3 Nd6 17. Ng3 Rc7 18. f4 g4 19. Nxf5 Nxf5 20. Bxf5 h5 21. Bb1 Qf8 22. Qc2 Qg7 23. e4 dxe4 24. d5 Bc5+ 25.
Kh1 cxd5 26. b4 Bd6 27. Qxc7 Bxc7 28. Rxc7 Rf7 29. Nxf7 Qxb2 30. Rxd7 Ba6 31. Rg1 e3 32. Ng5 1-0

[Event "*** Titled Tuesday Blitz"]
[Site "Chess.com"]
[Date "2020.04.07"]
[Round "3"]
[White "Ariadna_Atreides"]
[Black "dopolian"]
[Result "1-0"]
[WhiteElo "2048"]
[BlackElo "2489"]
[TimeControl "180+1"]
[EndTime "13:29:30 PDT"]
[Termination "Ariadna_Atreides won on time"]

1. d4 Nf6 2. Nf3 e6 3. e3 d5 4.
Bd3 c5 5. b3 Nc6 6. O-O Bd6 7.
Bb2 O-O 8. Nbd2 Qe7 9. e4 cxd4 10.
Nxd4 Nxd4 11. Bxd4 e5 12. Bb2 d4 13. Nc4 Bc7 14.
Ba3 Qe6 15. Bxf8 Kxf8 16. a4 Bd7 17. Qd2 Nh5 18. Qb4+ Kg8 19. Qxb7 Rc8 20. Qd5 Qe7 21. g3 Bh3 22. Rfd1 Qf6 23. Bf1 Bg4 24. Rd2 Bf3 25.
Bg2 Nf4 26. Qd7 Rd8 27. Qxc7 Nxg2 28. Qxe5 Qh6 29. Rxd4 Rf8 30. Qf5 1-0

[Event "*** Titled Tuesday Blitz"]
[Site "Chess.com"]
[Date "2020.04.07"]
[Round "3"]
[White "Mbneu"]
[Black "Dixit_Nikhil"]
[Result "0-1"]
[WhiteElo "2264"]
[BlackElo "2496"]
[TimeControl "180+1"]
[EndTime "13:29:30 PDT"]
[Termination "Dixit_Nikhil won by resignation"]

1. d4 Nf6 2. c4 g6 3. Nc3 Bg7 4. e4 d6 5. f4 O-O 6. Nf3 c5 7. d5 e6 8. Be2 exd5 9. cxd5 Na6 10. e5 Ne8 11. O-O Nac7 12. a4 b6 13. Bc4 Kh8 14.
e6 fxe6 15. dxe6 Bxe6 16. Bd3 d5 17. Ng5 Bf5 18. Nb5 Nxb5 19. axb5 Nd6 20. Bxf5 Rxf5 21.
Ne6 Qd7 22. Nxg7 Qxg7 23. g4 Rf7 24. Qxd5 Qd4+ 25. Qxd4+ cxd4 26. b3 Nxb5 27. Bb2 Kg8 28. Rad1 Rd7 29. f5 Rad8 30. fxg6 hxg6 31. Rf4 Nc3 32. Rd2 b5 33. b4 a5 34. bxa5 b4 35. Kf2 Rd5 36. Rf6 Kg7 37. Rb6 Ne4+ 38. Ke2 Nxd2 39.
Kxd2 Rxa5 40. Rxb4 Rad5 41. h4 Kf7 42. h5 gxh5 43.
gxh5 d3 44. Rf4+ Ke6 45. h6 Rh5 46. Rf6+ Ke7 47. Bc3 Rh2+ 48. Kd1 d2 49. Rf1 Rc8 50.
Bb2 Rb8 51. Kc2 Rxb2+ 52. Kxb2 d1=Q+ 0-1

[Event "*** Titled Tuesday Blitz"]
[Site "Chess.com"]
[Date "2020.04.07"]
[Round "3"]
[White "ChelsieMonica"]
[Black "skoularikii"]
[Result "0-1"]
[WhiteElo "2224"]
[BlackElo "2485"]
[TimeControl "180+1"]
[EndTime "13:29:31 PDT"]
[Termination "skoularikii won by resignation"]

1. c4 Nf6 2. Nc3 c5 3. Nf3 d5 4.
cxd5 Nxd5 5. e3 Nc6 6. Bc4 Nc7 7. O-O e6 8. d4 cxd4 9. exd4 Be7 10. Bf4 Nd5 11.
Bg3 O-O 12. Re1 Nxc3 13. bxc3 Qa5 14. Rc1 b5 15. Bd3 Bf6 16. Bb1 Bb7 17. Bh4 Bxh4 18.
Nxh4 g6 19. Qg4 Kg7 20. Nf3 b4 21. c4 Rad8 22. Rcd1 Bc8 23. Qh4 h6 24. Be4 Qa6 25.
d5 Na5 26. Bd3 exd5 27. cxd5 Qd6 28. Qd4+ Kh7 29. Ne5 b3 30. axb3 Nxb3 31. Qxa7 Qf6 32. Bxg6+ Kg7 33. Bxf7 Rxf7 34. Nxf7 Qxf7 35. Re2 Qxa7 0-1

[Event "*** Titled Tuesday Blitz"]
[Site "Chess.com"]
[Date "2020.04.07"]
[Round "3"]
[White "1977Ivan"]
[Black "DDTerziev04"]
[Result "1-0"]
[WhiteElo "2736"]
[BlackElo "2255"]
[TimeControl "180+1"]
[EndTime "13:29:32 PDT"]
[Termination "1977Ivan won by resignation"]

1. d4 d5 2. c4 dxc4 3. e4 Nf6 4. e5 Nd5 5. Bxc4 Nb6 6. Bb3 Nc6 7. Nf3 Bg4 8. e6 Bxe6 9. Bxe6 fxe6 10. Nc3 Qd7 11. O-O O-O-O 12. Be3 Nd5 13. Ne4 Nxe3 14. fxe3 e5 15.
Nc5 Qd5 16. e4 Qd6 17. Qb3 b6 18. Qe6+ Qxe6 19. Nxe6 Re8 20. d5 Nd4 21. Nfxd4 exd4 22. Rac1 Kb8 23. Rxc7 g6 24. Rc4 Bh6 25. Kf2 Be3+ 26.
Ke2 Rc8 27. Rxc8+ Rxc8 28. Kd3 a5 29. g4 Ka7 30. h4 Ka6 31. g5 b5 32. Nxd4 Bxd4 33.
Kxd4 Rc1 34. Rf7 Rc2 35. Rxe7 Rxb2 36. d6 Rxa2 37. e5 b4 38. d7 Rd2+ 39. Kc4 Rc2+ 40. Kb3 Rc3+ 41. Kb2 Rd3 42. Kc2 Rd5 43. Re6+ Kb5 44.
Rd6 1-0

[Event "*** Titled Tuesday Blitz"]
[Site "Chess.com"]
[Date "2020.04.07"]
[Round "3"]
[White "GMKrikor"]
[Black "littleozy"]
[Result "1-0"]
[WhiteElo "2799"]
[BlackElo "2473"]
[TimeControl "180+1"]
[EndTime "13:29:32 PDT"]
[Termination "GMKrikor won by resignation"]

1. Nf3 d5 2. c4 e6 3. e3 c6 4. Nc3 Nf6 5. b3 Bd6 6. Bb2 O-O 7. Qc2 Nbd7 8. Be2 e5 9. cxd5 cxd5 10. Nb5 Bb8 11.
Rc1 a6 12. Nc7 Bxc7 13. Qxc7 Qxc7 14. Rxc7 Ne8 15. Rc1 e4 16. Nd4 Nef6 17. Nf5 Rd8 18. f3 Nf8 19. Nh6+ gxh6 20. Bxf6 Rd6 21. Bb2 Be6 22.
d3 Rad8 23. Kd2 Ng6 24. g3 Ne7 25. f4 Nc6 26. g4 d4 27. dxe4 dxe3+ 28. Kxe3 Rd2 29.
Bf6 R8d7 30. f5 Rxa2 31. fxe6 fxe6 32. Rhd1 Rf7 33. e5 h5 34. g5 1-0

[Event "*** Titled Tuesday Blitz"]
[Site "Chess.com"]
[Date "2020.04.07"]
[Round "3"]
[White "michaelk123"]
[Black "LoinOfTheNorth"]
[Result "1-0"]
[WhiteElo "2433"]
[BlackElo "2639"]
[TimeControl "180+1"]
[EndTime "13:29:33 PDT"]
[Termination "michaelk123 won by resignation"]

1. e4 c5 2. Nf3 Nc6 3. Bb5 g6 4. Bxc6 bxc6 5. O-O Bg7 6. c3 Nh6 7. d4 cxd4 8. cxd4 f6 9. Nc3 Nf7 10. Qc2 O-O 11. Rd1 Rb8 12. h3 d6 13. Be3 Qa5 14.
Rac1 Qh5 15. Ne2 Bd7 16. d5 cxd5 17. Nf4 Qh6 18. Nxd5 Ng5 19. Nxg5 fxg5 20. Nxe7+ Kh8 21. Qc4 Rxb2 22. Rxd6 Bxh3 23. gxh3 Qxh3 24. Qf1 Qh4 25.
Qg2 g4 26. Nd5 Be5 27. Rdc6 g3 28. Rc8 gxf2+ 29. Kf1 Rxc8 30. Rxc8+ Kg7 31. Rc1 Rxa2 32. Qf3 Qh2 33. Bxf2 Rxf2+ 34. Qxf2 Qh3+ 35. Qg2 Qd3+ 36. Kg1 a5 37. Rf1 a4 38. Qf3 Qxf3 39. Rxf3 Bb2 40. Nb4 a3 41. Na2 h5 42. Kg2 g5 43. Rf5 Kg6 44. Kf3 g4+ 45. Kg2 h4 46. Ra5 Kf6 47. Nb4 Kg6 48. Nd3 Kf6 49. Nxb2 axb2 50. Rb5 Ke6 51. Rxb2 Ke5 52. Rb4 Kf4 53. e5+ 1-0

[Event "*** Titled Tuesday Blitz"]
[Site "Chess.com"]
[Date "2020.04.07"]
[Round "3"]
[White "GMBenjaminFinegold"]
[Black "VALPARAISO37"]
[Result "1-0"]
[WhiteElo "2560"]
[BlackElo "2330"]
[TimeControl "180+1"]
[EndTime "13:29:33 PDT"]
[Termination "GMBenjaminFinegold won on time"]

1. b3 d5 2. Bb2 a5 3. a4 Bf5 4.
g3 Nf6 5. Bg2 c6 6. Nf3 h6 7. d3 e6 8. Nbd2 Bb4 9. O-O Nbd7 10. e3 Bg4 11. h3 Bh5 12. Qe2 Qc7 13. e4 O-O 14. e5 Ne8 15. c3 Bc5 16. d4 Ba7 17. g4 Bg6 18. h4 c5 19. h5 Bh7 20.
g5 hxg5 21. Nxg5 cxd4 22. Nxh7 dxc3 23. Nxf8 cxb2 24. Nxe6 bxa1=Q 25. Nxc7 Qc3 26. Nxa8 Qc8 27. e6 Ndf6 28. exf7+ Kxf7 29. Re1 Qxa8 30. Qe6+ Kf8 31. Nf3 Ne4 32. Rxe4 dxe4 33. Ne5 Bxf2+ 34. Kh1 1-0

[Event "*** Titled Tuesday Blitz"]
[Site "Chess.com"]
[Date "2020.04.07"]
[Round "3"]
[White "imdvb6307"]
[Black "babadroga92"]
[Result "0-1"]
[WhiteElo "2404"]
[BlackElo "2693"]
[TimeControl "180+1"]
[EndTime "13:29:37 PDT"]
[Termination "babadroga92 won on time"]

1. c4 e5 2. Nc3 Nf6 3. Nf3 Nc6 4. e3 Bb4 5. Qc2 O-O 6. Nd5 Bc5 7. a3 a5 8. Bd3 h6 9. b3 d6 10. O-O Bg4 11.
Nxf6+ Qxf6 12. Be4 Rab8 13. Bb2 Bh5 14. Rad1 Bb6 15.
Qc3 Qe7 16. d4 exd4 17. Nxd4 Nxd4 18. Rxd4 Bxd4 19. Qxd4 f6 20. Bc2 Qe5 21. Bc3 Qxd4 22. exd4 b6 23. f3 Rfe8 24. Kf2 Kf7 25. Be4 Bg6 26.
Bd5+ Kf8 27. Rc1 Re7 28. b4 axb4 29. axb4 Bf7 30. Bxf7 Kxf7 31. Ra1 Rbe8 32. Ra2 Ke6 33. d5+ Kd7 34. b5 Kc8 35. Bd2 Kb7 36. Kf1 Ra8 37.
Rxa8 Kxa8 38. Kf2 Kb7 39. g4 Kc8 40. h4 g5 41. h5 f5 42. Bc3 fxg4 0-1

[Event "*** Titled Tuesday Blitz"]
[Site "Chess.com"]
[Date "2020.04.07"]
[Round "3"]
[White "boasovietica"]
[Black "Elshan1985"]
[Result "0-1"]
[WhiteElo "2424"]
[BlackElo "2690"]
[TimeControl "180+1"]
[EndTime "13:29:37 PDT"]
[Termination "Elshan1985 won on time"]

1. e4 e6 2. b3 d5 3. Bb2 d4 4.
Nf3 c5 5. Bb5+ Bd7 6. Qe2 Bxb5 7. Qxb5+ Qd7 8. Qxd7+ Nxd7 9. d3 Bd6 10. Nbd2 Ne7 11. O-O Nc6 12. c3 dxc3 13. Bxc3 O-O 14. d4 Rfd8 15. d5 exd5 16. exd5 Ne7 17. Ne4 Nb6 18. Ba5 Nexd5 19. Rac1 Rac8 20. Rfd1 Be7 21. Ne5 f5 22. Nd2 Bg5 23. Nef3 Bf6 24. Nc4 Nf4 25.
Rxd8+ Bxd8 26. Kf1 Nxc4 27. Bxd8 Rxd8 28. Rxc4 Rd1+ 29.
Ne1 g5 30. g3 Ne6 31. Ke2 Ra1 32. a4 Ra2+ 33. Kf1 b6 34. Nd3 Kg7 35. h4 h6 36.
hxg5 hxg5 37. g4 Kf6 38. gxf5 Kxf5 39. Kg2 Rd2 40. Ne1 Nf4+ 41. Kg3 Rb2 42. a5 Rxb3+ 43. f3 Ne2+ 44. Kf2 Nd4 0-1

[Event "*** Titled Tuesday Blitz"]
[Site "Chess.com"]
[Date "2020.04.07"]
[Round "3"]
[White "Jospem"]
[Black "chessdjw"]
[Result "1-0"]
[WhiteElo "2915"]
[BlackElo "2650"]
[TimeControl "180+1"]
[EndTime "13:29:38 PDT"]
[Termination "Jospem won by resignation"]

1. Nf3 d5 2. c4 e6 3. g3 dxc4 4. Bg2 a6 5. O-O Nf6 6. a4 Nc6 7. Qc2 Na5 8. Na3 Bxa3 9. bxa3 O-O 10. Bb2 Bd7 11. Ne5 Qe8 12. Nxd7 Qxd7 13. Rad1 Qe7 14. Bc3 Nb3 15. d3 cxd3 16. Rxd3 Nc5 17. Bb4 Nfd7 18. Rxd7 Qxd7 19. Bxc5 Rfb8 20. Rd1 Qe8 21. h4 a5 22. Bd4 c6 23. Be4 h6 24. Bb6 Qe7 25. Qc3 Re8 26. Bb1 Ra6 27. Bc5 Qf6 28. Qc2 g6 29. Bd4 e5 30. Ba1 Raa8 31. Rd3 Qe7 32. Re3 Qd6 33. h5 Rad8 34. hxg6 Qd1+ 35. Kg2 Qxc2 36. Bxc2 fxg6 37. Bxg6 Re6 38. Bd3 Rde8 39. Bc4 Kg7 40. Bxe6 Rxe6 41. Rxe5 Kf7 42. Rxa5 Rxe2 43. Ra7 Rb2 44. Bxb2 1-0

[Event "*** Titled Tuesday Blitz"]
[Site "Chess.com"]
[Date "2020.04.07"]
[Round "3"]
[White "Nathan_Filgueiras"]
[Black "JustKid"]
[Result "0-1"]
[WhiteElo "2311"]
[BlackElo "2585"]
[TimeControl "180+1"]
[EndTime "13:29:38 PDT"]
[Termination "JustKid won by resignation"]

1. e4 c5 2. Nf3 d6 3. d4 cxd4 4. Nxd4 Nf6 5. Nc3 Nc6 6. Bg5 e6 7. Qd2 a6 8. O-O-O h6 9. Be3 Nxd4 10. Bxd4 b5 11. f3 b4 12. Ne2 Qa5 13. Kb1 e5 14. Be3 Be6 15. Nc1 d5 16. Nb3 Qc7 17. exd5 Nxd5 18.
Bf2 Be7 19. Bd3 O-O 20. Rhe1 a5 21. Nc1 a4 22. Bg3 Bf6 23. Qe2 Rfe8 24. Be4 Rad8 25. Qb5 Rb8 26. Qxa4 Nb6 27. Qc6 Qa7 28. Nb3 Rec8 29.
Qd6 Nc4 30. Qd3 Ra8 31. Bxa8 Rxa8 32. Nc1 e4 33. Rxe4 Nxb2 34. Qe3 Bxa2+ 35. Nxa2 Qxa2+ 36. Kc1 Qa1+ 0-1

[Event "*** Titled Tuesday Blitz"]
[Site "Chess.com"]
[Date "2020.04.07"]
[Round "3"]
[White "Chessterra87"]
[Black "manubibi"]
[Result "1-0"]
[WhiteElo "2308"]
[BlackElo "2546"]
[TimeControl "180+1"]
[EndTime "13:29:38 PDT"]
[Termination "Chessterra87 won by resignation"]

1. e4 c5 2. c3 d5 3. exd5 Qxd5 4. d4 Nf6 5. Nf3 e6 6. Be3 cxd4 7. Nxd4 Nc6 8. Nxc6 Qxc6 9. Qb3 Bd7 10. Nd2 Nd5 11.
Bd4 Bc5 12. Bxc5 Qxc5 13. Ne4 Qc7 14. Bb5 O-O 15. Bxd7 Qxd7 16. Rd1 Qc6 17. O-O Rfd8 18. c4 Nf4 19. Qf3 Ng6 20. b3 h6 21. h3 f5 22. Nd2 Qxf3 23. Nxf3 e5 24. g3 e4 25.
Nd4 f4 26. Ne6 Rxd1 27. Rxd1 fxg3 28. Rd7 gxf2+ 29. Kxf2 Ne5 30. Rxg7+ Kh8 31. Rxb7 Re8 32. Ng7 Rg8 33. Ne6 Nd3+ 34. Ke3 Rg6 35. Rb8+ Rg8 36. Rxg8+ Kxg8 37. Kxe4 Nc1 38. c5 Nxa2 39. c6 Nc3+ 40. Ke5 Nb5 41. c7 Nxc7 42. Nxc7 1-0

[Event "*** Titled Tuesday Blitz"]
[Site "Chess.com"]
[Date "2020.04.07"]
[Round "3"]
[White "jmduque"]
[Black "erlesfar"]
[Result "1-0"]
[WhiteElo "2508"]
[BlackElo "2050"]
[TimeControl "180+1"]
[EndTime "13:29:38 PDT"]
[Termination "jmduque won by resignation"]

1. e4 d5 2. exd5 Qxd5 3. Nc3 Qa5 4. d4 Nf6 5. Bc4 Nc6 6. d5 Nb4 7. a3 Bg4 8. f3 Bf5 9. Bb5+ Bd7 10. Bxd7+ Kxd7 11. Bd2 Nbxd5 12. b4 Qb6 13. Nxd5 Nxd5 14. c4 Qe6+ 15. Ne2 Nb6 16. O-O Rd8 17. c5 Nc4 18. Nf4 Qf5 19. g4 Qg5 20. Bc1+ Kc8 21. Qxd8+ Kxd8 22. Ne6+ fxe6 23. Bxg5 h6 24. Rfc1 Ne5 25. Bf4 Nxf3+ 26.
Kg2 Nh4+ 27. Kg3 g5 28. Be5 Rg8 29. c6 bxc6 30. Rxc6 Ng6 31. Bxc7+ Kd7 32. Rac1 Bg7 33. b5 Bd4 34. Rd1 e5 35. Bxe5 Nxe5 36. Rxd4+ Ke8 37. Rc8+ Kf7 38. Rxg8 Kxg8 39. Ra4 1-0

[Event "*** Titled Tuesday Blitz"]
[Site "Chess.com"]
[Date "2020.04.07"]
[Round "3"]
[White "eldur16"]
[Black "Taabling"]
[Result "1-0"]
[WhiteElo "2557"]
[BlackElo "2288"]
[TimeControl "180+1"]
[EndTime "13:29:39 PDT"]
[Termination "eldur16 won by checkmate"]

1. e4 e5 2. Nf3 d5 3. exd5 Bd6 4. c4 f5 5. d3 Nf6 6. Nc3 O-O 7. Be2 c6 8. Bg5 h6 9. Bxf6 Qxf6 10. O-O Nd7 11.
dxc6 bxc6 12. Rc1 Bb7 13. a3 a5 14. d4 e4 15. Nd2 c5 16. dxc5 Nxc5 17. b4 Qe5 18. g3 e3 19. Nf3 exf2+ 20. Rxf2 Bxf3 21. Bxf3 Ne4 22. Bxe4 fxe4 23. Qd5+ Qxd5 24. Nxd5 Rxf2 25. Kxf2 axb4 26. axb4 Ra2+ 27. Ke3 Rxh2 28. c5 Bxg3 29. c6 Rh3 30. Kxe4 Rh4+ 31. Kf3 Bd6 32.
c7 Bxc7 33. Rxc7 Rd4 34. Ne7+ Kh7 35. b5 Rb4 36. Rb7 h5 37. Kg3 Kh6 38. Rb6+ Kg5 39. Rg6# 1-0

[Event "*** Titled Tuesday Blitz"]
[Site "Chess.com"]
[Date "2020.04.07"]
[Round "3"]
[White "aNONoNonono"]
[Black "ethylalcohol"]
[Result "0-1"]
[WhiteElo "2496"]
[BlackElo "2159"]
[TimeControl "180+1"]
[EndTime "13:29:39 PDT"]
[Termination "ethylalcohol won by resignation"]

1. e4 e6 2. d4 d5 3. Nc3 Nf6 4. Bg5 Nbd7 5. exd5 h6 6. dxe6 hxg5 7. exd7+ Bxd7 8.
Nf3 g4 9. Ne5 Be6 10. Bb5+ c6 11.
Nxc6 bxc6 12. Bxc6+ Bd7 13. Qe2+ Be7 14. Bxa8 Qxa8 15.
O-O-O Kf8 16. d5 Bd6 17. Qa6 Qb8 18. h3 gxh3 19. gxh3 g6 20. h4 Kg7 21. Rdg1 Bf4+ 22. Kb1 Be5 23. Qd3 Bf5 24. Qxf5 Bxc3 25. b3 Qd6 26. Qd3 Nxd5 27. Qd1 Bf6 28. Kc1 Qf4+ 29. Qd2 Bb2+ 30. Kd1 Nc3+ 31. Ke1 Re8+ 0-1

[Event "*** Titled Tuesday Blitz"]
[Site "Chess.com"]
[Date "2020.04.07"]
[Round "3"]
[White "MrrRefrao"]
[Black "DinaBelenkaya"]
[Result "0-1"]
[WhiteElo "2424"]
[BlackElo "2249"]
[TimeControl "180+1"]
[EndTime "13:29:39 PDT"]
[Termination "DinaBelenkaya won on time"]

1. e4 d5 2. exd5 Qxd5 3. Nc3 Qa5 4. d4 c6 5. Nf3 Bf5 6. Bc4 e6 7. Bd2 Nf6 8. Ne4 Qd8 9. Ng3 Bg6 10. h4 h6 11. Ne5 Bh7 12. Qe2 Qc7 13. O-O-O Bd6 14. f4 O-O 15. h5 Nbd7 16. Bd3 Bxd3 17. Qxd3 Rad8 18. Ne4 Nxe4 19. Qxe4 Nf6 20. Qe2 c5 21. g4 cxd4 22. g5 hxg5 23. Rdg1 Bxe5 24. fxe5 d3 25. Qd1 Ne4 26. c3 Qxe5 27. Re1 Qd5 0-1

[Event "*** Titled Tuesday Blitz"]
[Site "Chess.com"]
[Date "2020.04.07"]
[Round "3"]
[White "Charlottemillard17"]
[Black "BabyFacedAssasin"]
[Result "0-1"]
[WhiteElo "1319"]
[BlackElo "2311"]
[TimeControl "180+1"]
[EndTime "13:29:41 PDT"]
[Termination "BabyFacedAssasin won on time"]

1. e4 e6 2. d4 d5 3. Nd2 c5 4. c3 cxd4 5. cxd4 dxe4 6. Nxe4 Nf6 7.
Bd3 Nc6 8. Nf3 Bb4+ 9. Bd2 Bxd2+ 10. Qxd2 O-O 11. Bc2 g6 12. Qh6 Nxe4 13. Bxe4 f6 14. Bxg6 Qe7 15. Bd3 b6 16. O-O Bb7 17. d5 Nb4 18.
Be4 Bxd5 19. Bb1 Bxf3 20. gxf3 Qg7+ 21. Qxg7+ Kxg7 22. Kh1 Rg8 23. Be4 Rad8 24. Rg1+ Kh6 25. Rxg8 Rxg8 26. a3 Nd5 27. Bxd5 exd5 28. Rd1 Rd8 29.
Rd4 Kg5 30. Kg2 Kf5 31. Kf1 Ke5 32. Rh4 Rd7 33. Ke2 Rc7 34. Kd3 a5 35. f4+ Ke6 36. Kd4 Rc4+ 37. Kd3 b5 0-1

[Event "*** Titled Tuesday Blitz"]
[Site "Chess.com"]
[Date "2020.04.07"]
[Round "3"]
[White "GM-AndreyOrlov"]
[Black "AliKa2810"]
[Result "0-1"]
[WhiteElo "2705"]
[BlackElo "2607"]
[TimeControl "180+1"]
[EndTime "13:29:42 PDT"]
[Termination "AliKa2810 won by resignation"]

1. e4 e6 2. d4 d5 3. Nc3 Nf6 4. Bd3 c5 5. exd5 cxd4 6. Bb5+ Bd7 7. Bxd7+ Qxd7 8. dxe6 Qxe6+ 9. Nce2 Nc6 10. Nf3 O-O-O 11. O-O Bc5 12. Nf4 Qd7 13. Nd3 Bd6 14. Bd2 Ne4 15.
Re1 f5 16. b4 Qc7 17. b5 Ne7 18. h3 Nd5 19. a4 g5 20. a5 g4 21. b6 Qb8 22. bxa7 Qxa7 23. a6 gxf3 24. Qxf3 Nxd2 25. Qxf5+ Kb8 26. Ne5 Bxe5 27. Qxe5+ Nc7 28. Qf4 Nc4 29. axb7 Qxb7 30. Reb1 Nb6 31. Rb3 Rhf8 32. Qh2 Rf6 33. Rab1 Kc8 34. Qe5 Rfd6 35. Qf5+ Ne6 36. g3 Rf8 37. Qe5 Qd5 38. Qe2 Kc7 39. Qa6 Ra8 40.
Qd3 Nc5 41. Qxh7+ Rd7 42. Qh6 Nxb3 43. Rxb3 Ra1+ 0-1

[Event "*** Titled Tuesday Blitz"]
[Site "Chess.com"]
[Date "2020.04.07"]
[Round "3"]
[White "TheCount"]
[Black "fugadelafuga"]
[Result "0-1"]
[WhiteElo "2637"]
[BlackElo "2318"]
[TimeControl "180+1"]
[EndTime "13:29:42 PDT"]
[Termination "fugadelafuga won on time"]

1. Nf3 c5 2. g3 Nc6 3. Bg2 d5 4. d3 g6 5. O-O Bg7 6. c4 Nf6 7.
cxd5 Nxd5 8. Nc3 O-O 9. Nxd5 Qxd5 10. Be3 Qd6 11. Rc1 b6 12. d4 Ba6 13. dxc5 Qxd1 14. Rfxd1 bxc5 15. Rxc5 Rad8 16. Rxd8 Nxd8 17. Nd4 Bxd4 18.
Bxd4 Ne6 19. Ra5 Bxe2 20. Bxa7 Rc8 21. Be3 Rc2 22. Ra8+ Kg7 23. Rb8 f6 24. Bd5 Ng5 25. Rf8 Nf3+ 26. Bxf3 Bxf3 27. Rd8 Re2 28. Kf1 Rxb2 29.
Ke1 Rb1+ 30. Kd2 Rd1+ 31. Kc3 Rxd8 0-1